[Event "42nd Olympiad Baku 2016 Women"]
[Site "Baku"]
[Date "2016.09.03"]
[Round "2.19"]
[White "Faqeeh, Aseel"]
[Black "Hotami, Mutriba"]
[Result "0-1"]
[ECO "E80"]
[WhiteElo "1488"]
[BlackElo "1735"]
[Annotator ""]
[PlyCount "68"]
[EventDate "2016.??.??"]
[EventCountry "AZE"]
[SourceTitle "playchess.com"]
[Source "ChessBase"]
[WhiteTeam "Palestine"]
[BlackTeam "Tajikistan"]
[WhiteTeamCountry "PLE"]
[BlackTeamCountry "TJK"]
[TimeControl "40/5400+30:1800+30"]

1. d4 {(00:00)} Nf6 {(00:00)} 2. c4 {(00:00)} g6 {(
00:00)} 3. Nc3 {(00:08)} Bg7 {(00:00)} 4. e4 {(00:37)} d6
{(00:01)} 5. f3 {(01:06)} b6 {(02:04)} 6. Be3 {(01:
46)} c5 {(02:28)} 7. d5 {(00:29)} Bd7 {(02:22)} 8. Qd2 {
(02:38)} Na6 {(00:30)} 9. a3 {(02:11)} Nc7 {(01:27]
} 10. Bd3 {(00:23)} a6 {(01:08)} 11. h4 {(01:19)} h5 {
(01:45)} 12. Nge2 {(02:48)} b5 {(00:53)} 13. b3 {(
03:08)} b4 {(01:24)} 14. axb4 {(00:18)} cxb4 {(00:05)} 15.
Na2 {(00:47)} Nxe4 {(03:39)} 16. Bxe4 {(03:52)} Bxa1 {
(00:09)} 17. Nd4 {(03:31)} a5 {(04:18)} 18. Ke2 {(
01:20)} Bxd4 {(00:32)} 19. Bxd4 {(00:34)} Rg8 {(00:16)}
20. Qh6 {(03:17)} e5 {(18:27)} 21. Be3 {(02:00)} Qe7 {
(02:19)} 22. Qh7 {(11:12)} O-O-O {(05:54)} 23. Bg5 {
(00:53)} Qf8 {(00:34)} 24. Bxd8 Kxd8 {(00:50)} 25. Bxg6 {
(04:23)} fxg6 {(01:29)} 26. Rg1 {(03:28)} Ne8 {(00:
21)} 27. Nxb4 {(03:44)} axb4 {(02:42)} 28. Ra1 {(00:30)}
Qg7 {(00:54)} 29. Qxg7 {(01:03)} Rxg7 {(00:30)} 30. Ke3 {
(07:43)} g5 {(00:37)} 31. Rh1 {(01:51)} gxh4 {(01:
35)} 32. Rxh4 {(01:06)} Rxg2 {(00:10)} 33. Rxh5 {(00:32)}
Rb2 {(00:15)} 34. Ke4 {(02:15)} Nf6+ {(00:19)} 0-1

[Event "42nd Olympiad Baku 2016 Women"]
[Site "Baku"]
[Date "2016.09.03"]
[Round "2.17"]
[White "Faqeeh, Rahaf"]
[Black "Antonova, Nadezhda"]
[Result "0-1"]
[ECO "A15"]
[WhiteElo "1450"]
[BlackElo "2015"]
[Annotator ""]
[PlyCount "58"]
[EventDate "2016.??.??"]
[EventCountry "AZE"]
[SourceTitle "playchess.com"]
[Source "ChessBase"]
[WhiteTeam "Palestine"]
[BlackTeam "Tajikistan"]
[WhiteTeamCountry "PLE"]
[BlackTeamCountry "TJK"]
[TimeControl "40/5400+30:1800+30"]

1. c4 {(00:00)} Nf6 {(00:12)} 2. b3 {(00:28)} e6 {(
02:15)} 3. Bb2 {(02:53)} b6 {(00:17)} 4. Nf3 {(01:07)} Bb7
{(00:32)} 5. e3 {(01:27)} Be7 {(02:11)} 6. Nc3 {(
01:09)} O-O {(00:46)} 7. d4 {(01:59)} d5 {(04:53)} 8. Bd3
{(04:45)} Nbd7 {(05:06)} 9. O-O {(01:38)} c5 {(02:
11)} 10. Rc1 {(05:06)} Rc8 {(05:18)} 11. Re1 {(08:21)}
cxd4 {(04:56)} 12. exd4 {(06:52)} dxc4 {(02:25)} 13. bxc4
{(02:01)} h6 {(02:19)} 14. Ne5 {(08:44)} Nxe5 {(03:
06)} 15. Rxe5 {(00:20)} Bd6 {(01:02)} 16. Re3 {(01:09)}
Bf4 {(01:10)} 17. Rh3 {(02:33)} Qd7 {(09:09)} 18. Rc2 {
(03:30)} Rfd8 {(01:50)} 19. Ne2 {(02:42)} Bd6 {(00:
58)} 20. Rd2 {(06:36)} Ne4 {(08:39)} 21. Bxe4 {(04:31)}
Bxe4 {(00:03)} 22. Nc3 {(04:08)} Bf5 {(01:41)} 23. Rxh6 {
(06:23)} gxh6 {(01:45)} 24. Qh5 {(02:03)} Bf4 {(05:
07)} 25. Rd1 {(01:38)} Rxc4 {(01:23)} 26. g3 {(01:20)} Bg6
{(02:15)} 27. Qf3 {(01:55)} Bb8 {(04:47)} 28. d5 {(
02:19)} e5 {(01:04)} 29. Qf6 {(01:00)} Qd6 {(02:40)} 0-1

[Event "42nd Olympiad Baku 2016 Women"]
[Site "Baku"]
[Date "2016.09.03"]
[Round "2.7"]
[White "Farrugia, Jamie"]
[Black "Arbona Avila, Zaily M"]
[Result "1/2-1/2"]
[ECO "B06"]
[WhiteElo "1617"]
[BlackElo "1535"]
[Annotator ""]
[PlyCount "87"]
[EventDate "2016.??.??"]
[EventCountry "AZE"]
[SourceTitle "playchess.com"]
[Source "ChessBase"]
[WhiteTeam "Malta"]
[BlackTeam "ARU"]
[WhiteTeamCountry "MLT"]
[TimeControl "40/5400+30:1800+30"]

1. e4 {(00:00)} d6 {(00:00)} 2. d4 {(00:00)} g6 {(
00:00)} 3. Nc3 {(00:00)} Bg7 {(00:02)} 4. Be2 {(01:01)}
Nf6 {(00:28)} 5. Bg5 {(00:22)} Nbd7 {(00:46)} 6. Qd2 {
(02:11)} O-O {(05:15)} 7. O-O-O {(01:12)} c6 {(11:
03)} 8. f4 {(04:01)} Qa5 {(03:28)} 9. e5 {(08:49)} Nd5 {
(10:25)} 10. Nxd5 {(07:14)} Qxd5 {(02:30)} 11. Bxe7 {
(02:12)} Qxa2 {(01:00)} 12. Qc3 {(00:38)} Re8 {(07:
39)} 13. Bc4 {(07:17)} Qa4 {(03:13)} 14. b3 {(06:37)} Qa3+
{(03:17)} 15. Kd2 {(00:23)} Rxe7 {(00:31)} 16. Ra1 {
(00:31)} Qxa1 {(00:09)} 17. Qxa1 {(00:05)} dxe5 {(
00:13)} 18. dxe5 {(07:23)} Nb6 {(01:11)} 19. Bd3 {(02:39)}
Nd5 {(17:28)} 20. Qa4 {(05:49)} Be6 {(02:48)} 21. Ne2 {
(08:00)} b5 {(08:31)} 22. Qa3 {(10:32)} Rd7 {(00:
39)} 23. Ke1 {(00:33)} Ne3 {(01:42)} 24. Kf2 {(01:26)}
Ng4+ {(04:11)} 25. Kf3 {(06:39)} Bf8 {(00:47)} 26. Qb2 {
(01:12)} Bc5 {(02:11)} 27. Qc3 {(03:53)} Bb6 {(06:
50)} 28. Nc1 {(05:19)} Rad8 {(00:35)} 29. h3 {(01:25)} Ne3
{(01:41)} 30. Kg3 {(01:34)} Nf5+ {(02:26)} 31. Kh2 {
(01:39)} Nd4 {(01:17)} 32. Re1 {(02:36)} a5 {(00:
17)} 33. Ne2 {(01:08)} b4 {(00:52)} 34. Qd2 {(00:25)} Nf5
{(01:21)} 35. Ng3 {(02:00)} Nd4 {(01:06)} 36. Rb1 {
(00:36)} Nb5 {(00:22)} 37. Rd1 {(00:30)} Nc3 {(00:
10)} 38. Rc1 {(00:18)} c5 {(00:15)} 39. Ne2 {(00:27)} c4 {
(01:16)} 40. bxc4 {(00:00)} Bxc4 {(00:00)} 41. Nxc3 {
(03:17)} Bxd3 {(04:06)} 42. Nb1 {(05:06)} Bc4 {(09:
25)} 43. Qe1 {(00:33)} Bc5 {(03:10)} 44. Qe4 {(08:16)}
1/2-1/2

[Event "42nd Olympiad Baku 2016 Women"]
[Site "Baku"]
[Date "2016.09.03"]
[Round "2.7"]
[White "Fataliyeva, Ulviyya"]
[Black "Uuriintuya, Uurtsaikh"]
[Result "1-0"]
[ECO "B35"]
[WhiteElo "2234"]
[BlackElo "2228"]
[Annotator ""]
[PlyCount "105"]
[EventDate "2016.??.??"]
[EventCountry "AZE"]
[SourceTitle "playchess.com"]
[Source "ChessBase"]
[WhiteTeam "Azerbaijan"]
[BlackTeam "Mongolia"]
[WhiteTeamCountry "AZE"]
[BlackTeamCountry "MGL"]
[TimeControl "40/5400+30:1800+30"]

1. e4 {(00:00)} c5 {(00:00)} 2. Nf3 {(00:00)} Nc6 {
(00:00)} 3. d4 {(00:00)} cxd4 {(00:01)} 4. Nxd4 {(
00:00)} g6 {(00:26)} 5. Nc3 {(00:00)} Bg7 {(00:15)} 6. Be3
{(00:00)} Nf6 {(00:14)} 7. Bc4 {(00:00)} Qa5 {(00:
08)} 8. O-O {(00:00)} O-O {(00:04)} 9. Bb3 {(00:00)} d6 {
(00:17)} 10. Nd5 {(00:06)} Re8 {(05:46)} 11. Nxf6+ {
(00:17)} Bxf6 {(01:06)} 12. c3 {(00:02)} Ne5 {(10:
20)} 13. h3 {(00:12)} Qa6 {(00:43)} 14. Nc2 {(00:18)} Nd3
{(17:32)} 15. Qd2 {(00:09)} Nc5 {(01:32)} 16. Nb4 {
(32:39)} Qa5 {(00:53)} 17. Bc2 {(00:55)} Bg7 {(07:
38)} 18. f4 {(10:07)} Nd7 {(14:07)} 19. f5 {(12:20)} Nf6 {
(08:04)} 20. Rae1 {(05:54)} Bd7 {(03:50)} 21. Bd4 {
(05:37)} Bc6 {(02:45)} 22. e5 {(17:03)} dxe5 {(01:
15)} 23. Rxe5 {(00:33)} Qc7 {(02:24)} 24. Nxc6 {(00:29)}
Qxc6 {(07:53)} 25. Qe2 {(07:59)} Nd5 {(06:50)} 26. fxg6 {
(05:46)} hxg6 {(00:23)} 27. Qf3 {(00:40)} Nf6 {(00:
56)} 28. Be4 {(00:59)} Qd6 {(02:55)} 29. b3 {(01:36)} Rf8
{(02:01)} 30. Bxb7 {(00:38)} Rab8 {(00:37)} 31. Re3 {
(00:29)} Qc7 {(01:43)} 32. Bc6 {(00:06)} Rbc8 {(00:
14)} 33. Bb7 {(00:38)} Rb8 {(00:10)} 34. Ba6 {(00:42)}
Rbd8 {(02:04)} 35. Bc4 {(00:21)} a5 {(00:59)} 36. Rfe1 {
(00:35)} Rde8 {(01:19)} 37. Bb5 {(00:38)} Rc8 {(00:
17)} 38. Rxe7 {(00:11)} Qd6 {(00:05)} 39. Bc4 {(00:27)} a4
{(00:19)} 40. R7e2 {(00:00)} axb3 {(00:00)} 41. axb3 {
(02:11)} Nh5 {(06:45)} 42. Bf2 {(06:03)} Bf6 {(05:
37)} 43. Re4 {(01:35)} Ng7 {(12:04)} 44. Rd1 {(09:36)} Qc6
{(00:53)} 45. Rf4 {(01:31)} Nh5 {(03:25)} 46. Qxc6 {
(01:09)} Rxc6 {(00:03)} 47. Rf3 {(00:11)} Be5 {(02:
16)} 48. Bd4 {(06:06)} Bg3 {(01:58)} 49. Bd5 {(02:44)} Rc7
{(00:04)} 50. Rdf1 {(00:44)} Bd6 {(00:42)} 51. g4 {
(01:03)} Ng7 {(02:01)} 52. Rf6 {(00:35)} Bc5 {(00:
08)} 53. Bxc5 {(01:48)} 1-0

[Event "42nd Olympiad Baku 2016 Women"]
[Site "Baku"]
[Date "2016.09.03"]
[Round "2.31"]
[White "February, Jesse Nikki"]
[Black "Bashaer, Khalil"]
[Result "0-1"]
[ECO "D05"]
[WhiteElo "1922"]
[BlackElo "1584"]
[Annotator ""]
[PlyCount "78"]
[EventDate "2016.??.??"]
[EventCountry "AZE"]
[SourceTitle "playchess.com"]
[Source "ChessBase"]
[WhiteTeam "South Africa"]
[BlackTeam "United Arab Emirates"]
[WhiteTeamCountry "RSA"]
[BlackTeamCountry "UAE"]
[TimeControl "40/5400+30:1800+30"]

1. Nf3 {(00:00)} d5 {(00:00)} 2. d4 {(00:00)} Nf6 {
(00:00)} 3. e3 {(00:00)} e6 {(00:00)} 4. Bd3 {(00:
07)} Bd6 {(00:05)} 5. Nbd2 {(00:54)} Nbd7 {(00:54)} 6. b3
{(00:31)} b6 {(00:06)} 7. Bb2 {(00:12)} Bb7 {(00:
03)} 8. O-O {(00:19)} O-O {(00:05)} 9. Ne5 {(05:36)} Ne4 {
(03:03)} 10. c4 {(13:59)} f6 {(04:51)} 11. Nxd7 {(
04:19)} Qxd7 {(00:16)} 12. Rc1 {(06:38)} Rac8 {(08:24)}
13. Bxe4 {(10:47)} dxe4 {(00:07)} 14. c5 {(00:44)} Be7 {
(01:19)} 15. Qc2 {(01:42)} Qc6 {(17:04)} 16. b4 {(
03:55)} f5 {(05:30)} 17. a4 {(09:45)} a6 {(12:52)} 18. Nc4
{(04:38)} Bf6 {(04:22)} 19. Rfd1 {(21:10)} Rfd8 {(
05:02)} 20. Na3 {(04:20)} b5 {(14:06)} 21. axb5 {(02:58)}
axb5 {(00:06)} 22. Qe2 {(01:04)} Ba6 {(00:54)} 23. Ra1 {
(02:10)} Ra8 {(01:03)} 24. Nb1 {(01:26)} Qd5 {(05:
45)} 25. Ra3 {(00:44)} Qc4 {(04:52)} 26. Qxc4 {(01:18)}
bxc4 {(00:01)} 27. Nd2 {(01:51)} Rdb8 {(04:09)} 28. Bc3 {
(00:22)} Bb5 {(03:03)} 29. Rda1 {(00:09)} Rxa3 {(
01:25)} 30. Rxa3 {(00:04)} Rb7 {(03:11)} 31. Ra8+ {(01:16]
} Kf7 {(00:16)} 32. Kf1 {(00:42)} Bc6 {(02:01)} 33. Ra3 {
(01:14)} Bd5 {(00:40)} 34. Ke1 {(00:18)} h6 {(00:
34)} 35. Ra5 {(00:41)} c6 {(00:40)} 36. Kd1 {(00:57)} Bg5
{(00:26)} 37. g3 {(00:16)} Bf6 {(00:38)} 38. Kc2 {(
00:33)} g5 {(00:13)} 39. Nb1 {(01:12)} h5 {(00:50)} 0-1

[Event "42nd Olympiad Baku 2016 Women"]
[Site "Baku"]
[Date "2016.09.03"]
[Round "2.24"]
[White "Felix Vega, Aurora Edith"]
[Black "Markantonaki, Haritomeni"]
[Result "0-1"]
[ECO "E16"]
[WhiteElo "2053"]
[BlackElo "2188"]
[Annotator ""]
[PlyCount "106"]
[EventDate "2016.??.??"]
[EventCountry "AZE"]
[SourceTitle "playchess.com"]
[Source "ChessBase"]
[WhiteTeam "Peru"]
[BlackTeam "Greece"]
[WhiteTeamCountry "PER"]
[BlackTeamCountry "GRE"]
[TimeControl "40/5400+30:1800+30"]

1. d4 {(00:00)} Nf6 {(00:00)} 2. Nf3 {(00:00)} e6 {
(00:00)} 3. c4 {(00:03)} Bb4+ {(00:05)} 4. Bd2 {(
00:09)} Qe7 {(00:18)} 5. g3 {(00:18)} Bxd2+ {(00:48)} 6.
Qxd2 {(00:25)} Nc6 {(00:41)} 7. Nc3 {(01:14)} d5 {(
00:37)} 8. Bg2 {(12:18)} dxc4 {(01:42)} 9. O-O {(05:41)}
O-O {(00:43)} 10. Ne5 {(12:27)} Nxe5 {(00:45)} 11. dxe5 {
(06:18)} Nd7 {(00:13)} 12. f4 {(00:46)} Rb8 {(06:
03)} 13. Ne4 {(07:25)} Nb6 {(12:12)} 14. Qc2 {(10:52)} h6
{(01:19)} 15. Rf3 {(15:23)} Bd7 {(05:58)} 16. Nf2 {
(00:46)} Bc6 {(02:59)} 17. e4 {(00:05)} Rbd8 {(03:
14)} 18. Re3 {(21:36)} Qb4 {(04:37)} 19. Re2 {(01:37)} Qc5
{(06:14)} 20. Kh1 {(00:34)} Rd4 {(02:22)} 21. Nd1 {
(01:47)} Rfd8 {(01:16)} 22. Nc3 {(00:20)} Rd3 {(03:
09)} 23. Ree1 {(00:46)} Rd2 {(00:58)} 24. Qc1 {(00:30)}
Qf2 {(00:36)} 25. Rg1 {(00:22)} Rc2 {(00:28)} 26. Qe1 {
(00:41)} Rxb2 {(01:53)} 27. Qxf2 {(00:29)} Rxf2 {(
00:05)} 28. Rad1 {(00:33)} Rdd2 {(00:26)} 29. Rxd2 {(00:
17)} Rxd2 {(00:02)} 30. Rc1 {(00:03)} Nd7 {(01:07)} 31.
Kg1 {(01:02)} Nc5 {(00:27)} 32. Bf1 {(00:38)} Nxe4 {
(01:55)} 33. Nxe4 {(00:13)} Bxe4 {(00:03)} 34. Rxc4 {
(00:11)} Bc6 {(00:48)} 35. a4 {(00:37)} Kf8 {(02:
05)} 36. h3 {(00:54)} Ke7 {(00:25)} 37. a5 {(00:29)} Kd7 {
(03:13)} 38. Rc3 {(00:37)} Ra2 {(01:44)} 39. a6 {(
00:30)} bxa6 {(00:59)} 40. Bc4 {(00:00)} Ra1+ {(00:00)}
41. Kf2 {(00:33)} Bb5 {(01:51)} 42. Bb3 {(10:18)} a5 {
(00:41)} 43. Bc2 {(00:51)} a4 {(00:32)} 44. Ke3 {(
04:13)} a6 {(08:17)} 45. Kd4 {(03:40)} a3 {(01:47)} 46.
Bb3 {(01:08)} a5 {(04:59)} 47. Kc5 {(09:28)} c6 {(
00:22)} 48. f5 {(00:50)} a4 {(01:44)} 49. fxe6+ {(00:08)}
fxe6 {(00:04)} 50. Bc2 {(04:18)} Rc1 {(00:30)} 51. Rxa3 {
(00:34)} Rxc2+ {(00:06)} 52. Kb6 {(00:32)} Rb2 {(
00:14)} 53. Kc5 {(00:26)} Rb3 {(00:07)} 0-1

[Event "42nd Olympiad Baku 2016 Women"]
[Site "Baku"]
[Date "2016.09.03"]
[Round "2.9"]
[White "Fierro Baquero, Martha L"]
[Black "Gunina, Valentina"]
[Result "0-1"]
[ECO "A30"]
[WhiteElo "2369"]
[BlackElo "2520"]
[Annotator ""]
[PlyCount "60"]
[EventDate "2016.??.??"]
[EventCountry "AZE"]
[SourceTitle "playchess.com"]
[Source "ChessBase"]
[WhiteTeam "Ecuador"]
[BlackTeam "Russia"]
[WhiteTeamCountry "ECU"]
[BlackTeamCountry "RUS"]
[TimeControl "40/5400+30:1800+30"]

1. Nf3 {(00:00)} Nf6 {(00:10)} 2. c4 {(00:00)} b6 {
(00:24)} 3. g3 {(00:00)} Bb7 {(00:15)} 4. Bg2 {(00:
00)} e6 {(01:31)} 5. O-O {(00:00)} c5 {(00:34)} 6. Nc3 {
(00:57)} Be7 {(00:53)} 7. b3 {(02:42)} O-O {(01:12]
} 8. Bb2 {(00:04)} d5 {(16:31)} 9. cxd5 {(00:04)} Nxd5 {
(01:18)} 10. d4 {(16:45)} Nd7 {(02:48)} 11. Rc1 {(
14:11)} Rc8 {(07:30)} 12. Nxd5 {(25:45)} Bxd5 {(02:09)}
13. Qd3 {(03:32)} Qc7 {(10:38)} 14. e4 {(04:54)} Bb7 {
(00:15)} 15. d5 {(07:43)} exd5 {(05:42)} 16. exd5 {
(00:05)} Rfd8 {(09:26)} 17. Rfe1 {(05:27)} Bf6 {(
06:04)} 18. d6 {(05:54)} Qb8 {(00:27)} 19. Bxf6 {(06:32)}
Nxf6 {(00:06)} 20. Rcd1 {(01:06)} Rc6 {(01:38)} 21. Qc4 {
(02:50)} Rcxd6 {(03:20)} 22. Rxd6 {(00:05)} Rxd6 {(
00:23)} 23. Ne5 {(01:53)} Re6 {(02:07)} 24. Bxb7 {(00:05)}
Qxb7 {(02:26)} 25. f4 {(00:39)} Rd6 {(03:17)} 26. Ng4 {
(01:05)} Rd2 {(01:11)} 27. Nxf6+ {(00:36)} gxf6 {(
00:04)} 28. Re2 {(00:33)} b5 {(00:36)} 29. Qe4 {(00:31)}
Qxe4 {(00:05)} 30. Rxe4 {(00:07)} Rxa2 {(00:04)} 0-1

[Event "42nd Olympiad Baku 2016 Women"]
[Site "Baku"]
[Date "2016.09.03"]
[Round "2.29"]
[White "Figueroa, Julissa"]
[Black "Vilhete, Vania Fausto Da T"]
[Result "0-1"]
[ECO "B90"]
[WhiteElo "1787"]
[BlackElo "1741"]
[Annotator ""]
[PlyCount "60"]
[EventDate "2016.??.??"]
[EventCountry "AZE"]
[SourceTitle "playchess.com"]
[Source "ChessBase"]
[WhiteTeam "GUA"]
[BlackTeam "MOZ"]
[WhiteTeamCountry "GUA"]
[BlackTeamCountry "MOZ"]
[TimeControl "40/5400+30:1800+30"]

1. e4 {(00:00)} c5 {(00:00)} 2. Nf3 {(00:00)} d6 {(
00:00)} 3. d4 {(00:00)} cxd4 {(00:00)} 4. Nxd4 {(00:00)}
Nf6 {(00:00)} 5. Nc3 {(00:12)} a6 {(00:02)} 6. a4 {
(01:12)} e5 {(00:53)} 7. Nb3 {(00:25)} Be6 {(00:12]
} 8. Bg5 {(02:20)} Be7 {(01:31)} 9. Be2 {(02:31)} O-O {
(02:05)} 10. O-O {(06:43)} Qc7 {(02:30)} 11. Kh1 {(
18:16)} Nbd7 {(01:33)} 12. Be3 {(03:59)} Rfd8 {(11:58)}
13. f3 {(07:52)} Nc5 {(02:37)} 14. Nxc5 {(00:46)} dxc5 {
(00:10)} 15. Qe1 {(00:06)} Rd7 {(08:32)} 16. Qf2 {(
05:34)} Rad8 {(05:17)} 17. a5 {(04:28)} Qc6 {(23:36)} 18.
h3 {(05:16)} Nh5 {(02:23)} 19. f4 {(14:37)} Nxf4 {(
02:33)} 20. Bxf4 {(00:16)} exf4 {(00:09)} 21. Qxf4 {(00:
15)} h6 {(05:13)} 22. Bh5 {(02:16)} Bg5 {(00:14)} 23. Qf3
{(01:39)} Qc7 {(04:57)} 24. Nd5 {(04:06)} Bxd5 {(
00:43)} 25. exd5 {(00:05)} g6 {(00:28)} 26. Bg4 {(03:53)}
Rxd5 {(00:46)} 27. Qb3 {(00:44)} c4 {(02:56)} 28. Qa4 {
(04:45)} Rd2 {(01:49)} 29. Rae1 {(03:00)} Qg3 {(05:
46)} 30. Re2 {(01:57)} Bf4 {(03:47)} 0-1

[Event "42nd Olympiad Baku 2016 Women"]
[Site "Baku"]
[Date "2016.09.03"]
[Round "2.10"]
[White "Foisor, Cristina-Adela"]
[Black "Wafa, Shrook"]
[Result "1-0"]
[ECO "E16"]
[WhiteElo "2353"]
[BlackElo "2106"]
[Annotator ""]
[PlyCount "99"]
[EventDate "2016.??.??"]
[EventCountry "AZE"]
[SourceTitle "playchess.com"]
[Source "ChessBase"]
[WhiteTeam "Romania"]
[BlackTeam "Egypt"]
[WhiteTeamCountry "ROU"]
[BlackTeamCountry "EGY"]
[TimeControl "40/5400+30:1800+30"]

1. d4 {(00:00)} Nf6 {(00:00)} 2. Nf3 {(00:00)} e6 {
(00:00)} 3. c4 {(00:00)} Bb4+ {(00:03)} 4. Bd2 {(
00:07)} Qe7 {(00:30)} 5. g3 {(00:18)} O-O {(00:42)} 6. Bg2
{(00:31)} Nc6 {(00:31)} 7. Nc3 {(00:18)} d6 {(01:
32)} 8. Rc1 {(01:09)} Bxc3 {(02:31)} 9. Bxc3 {(00:05)} Ne4
{(03:31)} 10. d5 {(01:21)} Nxc3 {(01:59)} 11. Rxc3 {
(00:05)} Nb8 {(03:37)} 12. dxe6 {(00:44)} fxe6 {(
00:29)} 13. c5 {(00:37)} dxc5 {(06:43)} 14. O-O {(00:13)}
Nc6 {(05:26)} 15. h4 {(09:58)} Bd7 {(06:54)} 16. a3 {
(08:27)} h6 {(11:49)} 17. Qc2 {(02:42)} b6 {(01:47]
} 18. b4 {(01:39)} cxb4 {(16:31)} 19. Rxc6 {(00:34)} Bxc6
{(00:07)} 20. Qxc6 {(00:05)} bxa3 {(07:19)} 21. Ne5 {
(00:24)} a2 {(04:36)} 22. Qa4 {(01:42)} Rad8 {(09:
48)} 23. Qxa2 {(03:48)} Qf6 {(02:57)} 24. Nc6 {(05:08)}
Rd7 {(02:25)} 25. Nxa7 {(03:49)} c5 {(02:20)} 26. Nb5 {
(00:58)} Rfd8 {(01:27)} 27. Bh3 {(01:09)} Kf7 {(00:
32)} 28. Qb3 {(07:32)} Qe5 {(01:01)} 29. Bg4 {(04:36)} Qd5
{(01:04)} 30. Qc2 {(08:30)} c4 {(01:16)} 31. Rb1 {(
01:27)} h5 {(01:35)} 32. Bf3 {(04:31)} Qc5 {(00:43)} 33.
Nc3 {(03:04)} Rd2 {(01:14)} 34. Qh7 {(00:31)} Qd4 {
(01:39)} 35. Qxh5+ {(04:11)} Ke7 {(00:50)} 36. Qg5+ {
(02:05)} Kf7 {(00:50)} 37. Rc1 {(04:32)} Qf6 {(00:
56)} 38. Qb5 {(01:50)} Qd4 {(00:16)} 39. Kg2 {(01:33)} Rc8
{(00:51)} 40. Ne4 {(00:00)} Rb2 {(00:00)} 41. Qh5+ {
(06:50)} Ke7 {(02:11)} 42. Qg5+ {(00:38)} Kf8 {(01:
32)} 43. Qg6 {(05:31)} Ke7 {(03:32)} 44. Ng5 {(01:17)} Qf6
{(02:35)} 45. Qe4 {(00:12)} Rc7 {(01:20)} 46. Rxc4 {
(01:03)} Rxc4 {(01:05)} 47. Qxc4 {(00:07)} Qe5 {(
00:09)} 48. Qc8 {(01:08)} Qd6 {(00:51)} 49. Qg8 {(00:43)}
Qe5 {(00:30)} 50. Qf7+ {(00:13)} 1-0

[Event "42nd Olympiad Baku 2016 Women"]
[Site "Baku"]
[Date "2016.09.03"]
[Round "2.1"]
[White "Francis, Onkemetse"]
[Black "Caxita, Esperanca"]
[Result "1-0"]
[ECO "C41"]
[WhiteElo "1777"]
[BlackElo "1871"]
[Annotator ""]
[PlyCount "55"]
[EventDate "2016.??.??"]
[EventCountry "AZE"]
[SourceTitle "playchess.com"]
[Source "ChessBase"]
[WhiteTeam "Botswana"]
[BlackTeam "Angola"]
[WhiteTeamCountry "BOT"]
[BlackTeamCountry "ANG"]
[TimeControl "40/5400+30:1800+30"]

1. e4 {(00:00)} e5 {(00:00)} 2. Nf3 {(00:00)} d6 {(
00:00)} 3. d4 {(00:00)} exd4 {(00:09)} 4. Nxd4 {(00:00)}
Nf6 {(00:04)} 5. Nc3 {(00:00)} Be7 {(00:17)} 6. Bc4 {
(00:04)} O-O {(00:24)} 7. O-O {(00:07)} Nbd7 {(00:
04)} 8. f4 {(09:17)} Nb6 {(01:16)} 9. Be2 {(03:25)} Re8 {
(00:46)} 10. Bf3 {(00:56)} h6 {(03:20)} 11. Qd3 {(
05:06)} Rb8 {(04:18)} 12. b3 {(03:10)} c5 {(01:32)} 13.
Nde2 {(00:26)} Be6 {(02:57)} 14. Ng3 {(03:09)} c4 {
(02:12)} 15. Qd1 {(00:48)} Qc7 {(04:56)} 16. Bb2 {(
04:26)} Rbd8 {(00:40)} 17. Kh1 {(00:54)} a6 {(00:28)} 18.
Qe1 {(05:26)} Bd7 {(11:44)} 19. Rd1 {(02:50)} Bc6 {
(01:57)} 20. Nf5 {(00:44)} Bf8 {(02:32)} 21. Qh4 {(
07:12)} Nxe4 {(29:20)} 22. Nxe4 {(01:47)} Bxe4 {(00:21)}
23. Nxh6+ {(02:50)} gxh6 {(23:40)} 24. Qf6 {(00:41)} Kh7 {
(01:15)} 25. f5 {(11:37)} Bxf5 {(05:32)} 26. Qxf5+ {
(00:08)} Kg8 {(00:51)} 27. Qf6 {(03:34)} Kh7 {(01:
14)} 28. Bh5 {(00:13)} 1-0

[Event "42nd Olympiad Baku 2016 Women"]
[Site "Baku"]
[Date "2016.09.03"]
[Round "2.3"]
[White "Francis, Thapelo"]
[Black "Joao, Delfina"]
[Result "1/2-1/2"]
[ECO "A40"]
[WhiteElo "1700"]
[BlackElo "1659"]
[Annotator ""]
[PlyCount "121"]
[EventDate "2016.??.??"]
[EventCountry "AZE"]
[SourceTitle "playchess.com"]
[Source "ChessBase"]
[WhiteTeam "Botswana"]
[BlackTeam "Angola"]
[WhiteTeamCountry "BOT"]
[BlackTeamCountry "ANG"]
[TimeControl "40/5400+30:1800+30"]

1. d4 {(00:00)} e6 {(00:00)} 2. Nf3 {(00:00)} d5 {(
00:00)} 3. Bf4 {(00:05)} Nf6 {(01:29)} 4. e3 {(00:28)} Bd6
{(01:23)} 5. Bxd6 {(00:47)} Qxd6 {(00:48)} 6. Be2 {
(00:08)} Qb4+ {(02:14)} 7. Nbd2 {(00:51)} Qxb2 {(
00:34)} 8. O-O {(00:51)} Qb6 {(04:16)} 9. Nb3 {(00:52)}
Nbd7 {(01:36)} 10. c4 {(00:54)} dxc4 {(11:39)} 11. Bxc4 {
(00:14)} Qd6 {(03:03)} 12. Qc2 {(02:16)} Nb6 {(01:
00)} 13. Bd3 {(00:38)} Bd7 {(04:50)} 14. Rac1 {(02:05)}
Rc8 {(00:57)} 15. Na5 {(02:20)} Ba4 {(26:35)} 16. Qb1 {
(05:53)} Rb8 {(01:48)} 17. e4 {(05:47)} Qd8 {(08:
46)} 18. e5 {(02:52)} Nfd5 {(00:49)} 19. Bxh7 {(02:43)}
Qe7 {(03:31)} 20. Bd3 {(03:58)} Qb4 {(04:30)} 21. Qxb4 {
(06:48)} Nxb4 {(00:03)} 22. Bb1 {(00:20)} N6d5 {(
01:13)} 23. a3 {(03:08)} Nc6 {(01:27)} 24. Nxc6 {(01:29)}
Bxc6 {(00:04)} 25. Be4 {(01:15)} Ne7 {(01:49)} 26. Bxc6+ {
(03:12)} Nxc6 {(00:02)} 27. Rc4 {(01:13)} Rd8 {(01:
02)} 28. Rb1 {(00:46)} a6 {(05:30)} 29. h3 {(01:47)} Rh5 {
(01:11)} 30. Kf1 {(01:35)} f6 {(01:49)} 31. Re1 {(
02:56)} Ke7 {(01:21)} 32. h4 {(05:25)} Rd7 {(02:26)} 33.
g3 {(01:13)} Na5 {(01:59)} 34. Rc3 {(03:06)} Rh8 {(
01:49)} 35. Rec1 {(03:06)} c6 {(00:16)} 36. Ke2 {(00:54)}
Rhd8 {(00:24)} 37. Ke3 {(09:29)} b5 {(00:07)} 38. g4 {
(04:55)} Nc4+ {(00:57)} 39. Ke2 {(00:13)} Rd5 {(02:
36)} 40. exf6+ {(00:00)} gxf6 {(00:00)} 41. h5 {(04:53)}
Rg8 {(05:07)} 42. Rg1 {(00:44)} Kd6 {(02:20)} 43. Rd3 {
(01:55)} e5 {(02:27)} 44. dxe5+ {(00:53)} Nxe5 {(
00:39)} 45. Rxd5+ {(01:06)} Kxd5 {(00:38)} 46. Nxe5 {(01:
26)} Kxe5 {(00:04)} 47. Ke3 {(00:15)} f5 {(02:28)} 48. f4+
{(01:43)} Ke6 {(00:45)} 49. g5 {(00:20)} c5 {(02:
59)} 50. h6 {(03:29)} Kf7 {(00:32)} 51. Rc1 {(05:50)} Re8+
{(01:45)} 52. Kd3 {(01:27)} Rd8+ {(00:22)} 53. Ke3 {
(00:37)} c4 {(01:31)} 54. Rc3 {(00:58)} Kg6 {(00:
11)} 55. Ke2 {(05:15)} Re8+ {(03:26)} 56. Re3 {(00:42)}
Rxe3+ {(00:41)} 57. Kxe3 {(00:07)} a5 {(00:51)} 58. Kd2 {
(00:14)} b4 {(00:53)} 59. axb4 {(00:30)} axb4 {(00:
03)} 60. Kc2 {(00:08)} b3+ {(00:56)} 61. Kc3 {(00:29)}
1/2-1/2